 Dungeon Crawl Stone Soup version 0.24.0 (webtiles) character file.

Game seed: 14256776334283911055, levelgen mode: deterministic

226 Illumine the Shooter (level 5, -4/45 HPs)
             Began as a Centaur Hunter on Oct 25, 2019.
             Killed by divine providence
             ... invoked by an orc priest
              (16 damage)
             ... on level 4 of the Dungeon.
             The game lasted 00:10:30 (3502 turns).

Illumine the Shooter (Centaur Hunter)               Turns: 3502, Time: 00:10:31

Health: -4/45      AC:  6    Str: 15    XL:     5   Next: 69%
Magic:  5/5        EV: 10    Int: 10    God:
Gold:   143        SH:  0    Dex: 10    Spells: 4/4 levels left

rFire    . . .     SeeInvis .   l - +0 halberd
rCold    . . .     Gourm    .   (shield currently unavailable)
rNeg     . . .     Faith    .   c - +0 leather armour
rPois    .         Spirit   .   (no helmet)
rElec    .         Reflect  .   v - +0 cloak
rCorr    .         Harm     .   u - +0 pair of gloves
MR       .....                  (no barding)
Stlth    +.........             (no amulet)
HPRegen  0.15/turn              (no ring)
MPRegen  0.09/turn              (no ring)

@: very quick
A: large, hooves 3, deformed body, speed 2, tough skin 3
a: no special abilities


You were on level 4 of the Dungeon.
You were not hungry.

You visited 1 branch of the dungeon, and saw 4 of its levels.

You collected 143 gold pieces.

Inventory:

Hand Weapons
 a - a +1 shortbow
 b - a +0 short sword
 g - a +0 dagger of speed
 l - a +0 halberd (weapon)
 m - a +0 hunting sling
Missiles
 d - 104 arrows
 h - 136 stones (quivered)
Armour
 c - a +0 leather armour (worn)
 u - a +0 pair of gloves (worn)
 v - a +0 cloak (worn)
Jewellery
 n - a +3 ring of intelligence
 y - an uncursed ring of teleportation
Wands
 x - a wand of enslavement (6)
Scrolls
 i - a scroll of remove curse
 k - a scroll of identify {unknown}
 p - a scroll of fog {unknown}
 q - a scroll of noise {unknown}
 r - a scroll of immolation {unknown}
 s - a scroll of blinking {unknown}
 t - a scroll of random uselessness {unknown}
Potions
 e - a potion of invisibility {unknown}
 j - 3 potions of heal wounds {unknown}
 o - a potion of curing {unknown}
 w - a potion of berserk rage {unknown}
 z - a potion of might {unknown}
Comestibles
 f - 10 rations


   Skills:
 + Level 3.5 Fighting
 * Level 2.1 Polearms
 - Level 6.1 Bows
 + Level 1.0 Armour
 - Level 2.2 Dodging
 - Level 0.4 Stealth
 - Level 1.3 Unarmed Combat


You had 4 spell levels left.
You didn't know any spells.
Your spell library was empty.

Dungeon Overview and Level Annotations

Branches:
Dungeon (4/15)
 Temple: D:4-7

Altars:
Cheibriados
Qazlal
Xom


Innate Abilities, Weirdness & Mutations

You have hooves in place of feet.
Armour fits poorly on your strangely shaped body.
You cover ground very quickly.
You have extremely tough skin. (AC +3)


Message History

Your kick misses the orc priest.
The orc priest mumbles some strange prayers to Beogh against you.
Pain shoots through your body! The orc barely misses you.
The orc priest misses you.
The orc priest calls upon Beogh to heal the orc.
The orc's wounds heal themselves!
You barely miss the orc priest. The orc completely misses you.
The orc priest invokes the aid of Beogh against you.
Pain shoots through your body!
* * * LOW HITPOINT WARNING * * *
The orc priest barely misses you. The orc hits you with a +0 dagger.
* * * LOW HITPOINT WARNING * * *
Unknown command.
Found 4 gold pieces.
Found 14 arrows.
d - 104 arrows (gained 14)
Found a stone staircase leading down.
The orc priest invokes the aid of Beogh against you.
Beogh smites you!
You die...

.....### .#.# ...#...#
###?#.# .#
.....#.###.....#####.#
....##..##...........##.
.....##...............>
.....................#
..........(..........##
##.)....o.............#
.......#####.##(@...#
.#.....o.###........#
.######....####.....# ##
#..#.# #o....# ##.#.#
#.....# #...####o##### #
####$...##....###. .
........o.o.......... ##
.##..................


You could see 2 orc priests and an orc.

Vanquished Creatures
  Robin (D:2)
  4 gnolls (D:2)
  8 adders
  3 oozes
  An adder skeleton (D:4)
  2 worms
  2 dart slugs
  A leopard gecko (D:2)
  4 orcs (D:4)
  3 giant cockroaches
  11 goblins
  6 hobgoblins
  2 quokkas
  A ball python (D:2)
  7 bats
  6 frilled lizards
  11 kobolds
  10 rats
83 creatures vanquished.

Vanquished Creatures (others)
  A frilled lizard (D:2)
1 creature vanquished.

Grand Total: 84 creatures vanquished

Notes
Turn   | Place    | Note
-------+----------+-------------------------------------------
     0 | D:1      | Illumine the Centaur Hunter began the quest for the Orb.
     0 | D:1      | Reached XP level 1. HP: 17/17 MP: 1/1
   529 | D:1      | Reached XP level 2. HP: 24/24 MP: 2/2
  1057 | D:2      | Reached XP level 3. HP: 30/30 MP: 3/3
  1084 | D:2      | Noticed Robin
  1112 | D:2      | Killed Robin
  1326 | D:2      | Reached skill level 6 in Bows
  1326 | D:2      | Reached skill level 1 in Unarmed Combat
  1329 | D:2      | Reached XP level 4. HP: 37/37 MP: 4/4
  2053 | D:2      | Reached skill level 1 in Polearms
  2239 | D:2      | Reached XP level 5. HP: 24/45 MP: 5/5
  2453 | D:2      | Found a snail-covered altar of Cheibriados.
  2642 | D:2      | Found a stormy altar of Qazlal.
  3182 | D:4      | Found a shimmering altar of Xom.
  3469 | D:4      | Reached skill level 1 in Armour
  3502 | D:4      | Killed from afar by an orc priest

Levels and vault maps discovered:
D:1:      lightli_arrival_noodles, layout_basic, fountainhead, nrook_campfire,
          interstate_on_off, corexii_hall_statues_i, grunt_decor_mini_mirrors,
          minmay_misc_feat_enclosed, chequers_serial_rivers_micro_b
D:2:      layout_loops_ring, grunt_qazlal_clouds, kennysheep_slug_shrine,
          kennysheep_boxes, uniq_robin
D:3:      layout_rooms, grunt_ministairs_14, chequers_decorated_corner
D:4:      layout_rooms, zin_statuary, lemuel_coloured_pillars_altar,
          xom_butterflies, grunt_ministairs_12
